 Dungeon Crawl Stone Soup version 0.29.1-15-g9cfb28693d (webtiles) character file.

Game seed: 4550002775119587428

84 croobank the Sneak (level 4, -4/31 HPs)
             Began as an Octopode Delver on Mar 19, 2023.
             Slain by a gnoll
             ... wielding a +0 spear
              (6 damage)
             ... on level 3 of the Dungeon.
             The game lasted 00:04:27 (2712 turns).

croobank the Sneak (Octopode Delver)                Turns: 2712, Time: 00:04:27

Health: -4/31      AC:  1    Str: 11    XL:     4   Next: 46%
Magic:  4/4        EV: 13    Int: 14    God:
Gold:   106        SH:  0    Dex: 13    Spells: 3/3 levels left

rFire   . . .      SeeInvis .   a - +0 hand axe
rCold   . . .      Faith    .   (no shield)
rNeg    . . .      Spirit   .   (helmet restricted)
rPois   .          Reflect  .   (no amulet)
rElec   .          Harm     .   (no ring)
rCorr   .          Rampage  .   (no ring)
Will    .....                   (no ring)
Stlth   ++++......              (no ring)
HPRegen 0.10/turn               (no ring)
MPRegen 0.09/turn               (no ring)
                                (no ring)
                                (no ring)

@: no status effects
A: almost no armour, amphibious, 8 rings, camouflage 1, gelatinous body 1,
(nimble swimmer 1), tentacles
a: no special abilities


You were on level 3 of the Dungeon.
You visited 1 branch of the dungeon, and saw 6 of its levels.

You collected 106 gold pieces.

Inventory:

Hand Weapons
 a - a +0 hand axe (weapon)
 g - a +0 dagger
 o - a +0 war axe
Missiles
 l - 6 poisoned darts (quivered)
Armour
 m - a +0 kite shield
Wands
 f - a wand of digging (3)
Scrolls
 b - a scroll of fog
 c - a scroll of magic mapping
 h - a scroll of acquirement {unknown}
 i - a scroll of amnesia {unknown}
 j - 2 scrolls of enchant armour {unknown}
 q - a scroll of identify {unknown}
Potions
 e - a potion of haste
 k - a potion of cancellation {unknown}
 n - 2 potions of heal wounds {unknown}
 p - a potion of attraction {unknown}


   Skills:
 + Level 3.5 Fighting
 + Level 2.8 Axes
 + Level 2.6 Dodging
 + Level 7.0 Stealth
 * Level 1.4 Shields


You had 3 spell levels left.
You didn't know any spells.
Your spell library was empty.

Dungeon Overview and Level Annotations

Branches:
Dungeon (6/15)
 Temple: D:4-7

Altars:
Cheibriados
Uskayaw
Xom


Innate Abilities, Weirdness & Mutations

You cannot wear most types of armour.
You are amphibious.
You can wear up to eight rings at the same time.
Your skin changes colour to match your surroundings (Stealth+).
Your rubbery body absorbs attacks. (AC +1, EV +1)
((You are camouflaged when in or above water. (Stealth+)))
You have tentacles for arms and can constrict up to eight enemies at once.


Message History

You climb downwards.
The gnoll barely misses you.
There is a stone staircase leading up here.
The gnoll closely misses you. The gnoll barely misses you.
You climb upwards.
There is a stone staircase leading down here.
You barely miss the gnoll. You grab the gnoll. You constrict the gnoll.
The gnoll misses you.
You hit the gnoll.
The gnoll is severely wounded.
You constrict the gnoll. The gnoll misses you.
You hit the gnoll.
You kill the gnoll!
You start waiting.
Done waiting.
You climb downwards.
The gnoll hits you from afar with a +0 spear.
There is a stone staircase leading up, spattered with blood here.
Unknown command.
The gnoll hits you with a +0 spear.
You closely miss the gnoll. You grab the gnoll. You constrict the gnoll.
The gnoll hits you with a +0 spear!
You hit the gnoll.
The gnoll is heavily wounded.
You constrict the gnoll. The gnoll hits you with a +0 spear.
* * * LOW HITPOINT WARNING * * *
You hit the gnoll but do no damage.
The gnoll is heavily wounded.
You constrict the gnoll.
A gnoll comes into view. It is wielding a +0 spear.
The gnoll hits you with a +0 spear!
* * * LOW HITPOINT WARNING * * *
The gnoll shouts!
Okay, then.
As you read the scroll of fear, it crumbles to dust.
You assume a fearsome visage.
The gnoll looks frightened!
The gnoll resists with some effort.
You constrict the gnoll. The gnoll barely misses you.
The gnoll escapes!
There is a stone staircase leading up, spattered with blood here.
The gnoll hits you from afar with a +0 spear.
You die...

#.# #.# #.# ###.###.#
#.# .....(#.###.####
###...#........#
###.#####.##.# #.#
#.##.# ##.## #.##.# #
##...# #.##.####g#
###.###.###.....@.g(#
#...# ....###.######
#.#.###.##.# #.#
#.##...##...##.#
...............#
#.###.###... ### #.#
.# # #.# .# #.# .#


You could see 2 gnolls.

Vanquished Creatures
  An adder (D:3)
  2 gnolls (D:2)
  A worm (D:2)
  A dart slug (D:1)
  3 bats
  4 endoplasms
  2 giant cockroaches
  7 goblins
  4 hobgoblins
  6 jackals (D:3)
  3 kobolds
  2 quokkas
  4 ball pythons
  A frilled lizard (D:1)
  3 rats (D:1)
44 creatures vanquished.

Vanquished Creatures (others)
  A plant (D:1)
1 creature vanquished.

Grand Total: 45 creatures vanquished

Notes
Turn   | Place    | Note
-------+----------+-------------------------------------------
     0 | D:5      | croobank the Octopode Delver began the quest for the Orb.
     0 | D:5      | Reached XP level 1. HP: 16/16 MP: 1/1
    12 | D:6      | Noticed a black bear
    22 | D:5      | Noticed a hound
    42 | D:4      | Noticed an iguana
    86 | D:5      | Noticed a black bear
   141 | D:3      | Found a snail-covered altar of Cheibriados.
   162 | D:3      | Reached XP level 2. HP: 13/21 MP: 2/2
   343 | D:3      | Found a shimmering altar of Xom.
   343 | D:3      | Noticed a +0 dagger
   344 | D:3      | Noticed a +0 falchion
   366 | D:3      | Noticed a +0 dagger
   367 | D:3      | Noticed a +0 spear
   368 | D:3      | Noticed a +0 short sword
   368 | D:3      | Noticed a +0 short sword
   369 | D:3      | Noticed a +0 falchion
   370 | D:3      | Noticed a +0 spear
   371 | D:3      | Found a hide-covered altar of Uskayaw.
   554 | D:3      | Reached XP level 3. HP: 24/26 MP: 3/3
  1025 | D:1      | Found a faded altar of an unknown god.
  1309 | D:1      | Reached skill level 7 in Stealth
  1485 | D:1      | Reached skill level 1 in Shields
  1854 | D:2      | Reached XP level 4. HP: 26/31 MP: 4/4
  2709 | D:3      | HP: 1/31 [gnoll/+0 spear (8)]
  2712 | D:3      | Slain by a gnoll

Illustrated notes

Levels and vault maps discovered:
D:1:      dpeg_arrival_boxorama, layout_loops_ring, basic_ecumenical_altar,
          fountainhead, serial_bayou_pond_d, st_stairs_6, chequers_big_river
D:2:      layout_rooms, serial_corexii_hall, chequers_hall_statues_corner_a,
          corexii_hall_statues_x
D:3:      layout_loops_ring, nicolae_uskayaw_en_pointe, lemuel_round_altar,
          mainiacjoe_overflow_concentric_impassable
D:4:      layout_basic, nzn_wu_jian_council_hall, mainiacjoe_overflow_alcove_4,
          dk_yredelemnul_ordeal, general_overflow_altar, kennysheep_doodads,
          uniq_pikel
D:5:      layout_gridville, hangedman_decor_slide_cut, uniq_eustachio
D:6:      cheibrodos_fertilizer, layout_basic, tgw_kikubaaqudgha

Skill      XL: |  1  2  3 |
---------------+----------+-----
Stealth        | 7 |  7.0
Shields        | 1 |  1.4
Fighting       | |  3.5
Axes           | |  2.8
Dodging        | |  2.6

Action                   |  1- 3 |  4- 6 || total
-------------------------+-------+-------++-------
Melee: Hand axe          |    66 |    19 ||    85
       Constrict         |    15 |     6 ||    21
       Tentacles         |    15 |     3 ||    18
       Punch             |     1 |       ||     1
  Use: Scroll            |     1 |     1 ||     2
 Stab: Sleeping          |    17 |     2 ||    19
Armor: Skin              |     5 |     1 ||     6
Dodge: Dodged            |    34 |    17 ||    51
